Map: Frozen Temple

Players

Maru - Winner!

  • Race: Terran Terran
  • League: Platinum

Nickos

  • Race: Terran Terran
  • League: Gold

VOD

Have the link to the VOD?

Description

Time

  • Played on: Sept. 2, 2016, 5:56 a.m.
  • Length: 6:15
Show
View Real Time Build Order
Export as new Build Order

Maru Terran - Winner!

Build Orders: 1/1/1 

Get SALT Encoding   

  12  0:00  SCV  
  13  0:12  SCV  
  14  0:18  Supply Depot  
  14  0:25  Refinery  
  14  0:28  SCV  
  15  0:42  Barracks  
  15  0:45  SCV  
  16  0:57  SCV  
  16  0:58  Refinery  
  17  1:10  SCV  
  18  1:22  SCV  
  19  1:33  Factory  
  19  1:36  Marine  
  20  1:40  Orbital Command  
  20  1:54  Supply Depot  
  20  1:57  Marine  
  21  2:17  Starport  
  21  2:18  Factory Tech Lab  
  21  2:19  Marine  
  22  2:24  SCV  
  23  2:36  Siege Tank  
  26  2:38  Marine  
  26  2:43  Supply Depot  
  27  2:54  Medivac  
  27  2:56  Marine  
  30  3:00  SCV  
  31  3:08  Siege Tank  
  34  3:14  Marine  
  34  3:16  SCV  
  36  3:24  Medivac  
  38  3:49  Marine  
  39  4:00  Command Center  
  39  4:02  Supply Depot  
  39  4:23  Barracks  
  39  4:24  Medivac, SCV, Marine  
  39  4:26  Barracks, Supply Depot  
  43  4:43  Marine  
  43  4:45  Siege Tank  
  47  4:49  Supply Depot  
  47  4:59  Medivac  
  49  5:01  Marine  
  50  5:12  Supply Depot  
  50  5:16  Orbital Command  
  50  5:23  Marine  
  50  5:26  Barracks Reactor  
  50  5:27  Barracks Tech Lab  
  51  5:56  Marine  
Show
View Real Time Build Order
Export as new Build Order

Nickos Terran 

Build Orders:  

Get SALT Encoding   

  12  0:01  SCV  
  13  0:13  SCV  
  14  0:17  Supply Depot  
  14  0:25  SCV  
  15  0:39  SCV  
  15  0:40  Barracks  
  16  0:51  SCV  
  17  1:03  SCV  
  18  1:15  SCV  
  19  1:25  Command Center  
  19  1:27  SCV  
  20  1:41  Supply Depot  
  20  1:44  Orbital Command  
  20  1:45  Marine  
  21  2:02  Barracks  
  21  2:03  Marine  
  21  2:11  SCV  
  22  2:18  Barracks  
  22  2:20  Marine  
  23  2:23  SCV  
  24  2:35  SCV  
  25  2:37  Refinery  
  25  2:38  Marine  
  25  2:39  Refinery, Orbital Command  
  26  2:47  SCV  
  27  2:51  Marine  
  27  2:57  Marine  
  29  2:59  SCV  
  29  3:04  SCV  
  31  3:09  Barracks Tech Lab, Marine  
  32  3:14  Supply Depot, Marine  
  32  3:15  SCV  
  32  3:16  SCV  
  35  3:27  SCV, Marine  
  35  3:28  SCV  
  35  3:32  Marine  
  39  3:36  Marine  
  39  3:39  SCV  
  39  3:40  Stimpack, SCV  
  42  3:42  Supply Depot  
  42  3:50  Barracks Reactor  
  42  3:51  SCV  
  42  3:52  SCV  
  44  3:59  Barracks Reactor  
  44  4:01  Marauder  
  46  4:03  Supply Depot, SCV  
  46  4:04  SCV  
  48  4:15  SCV  
  48  4:17  SCV  
  50  4:20  Supply Depot  
  50  4:24  Factory  
  50  4:27  Marine x3  
  50  4:28  SCV  
  50  4:29  SCV  
  50  4:30  Supply Depot  
  55  4:39  Marine x2  
  55  4:41  SCV x2  
  55  4:45  Marine x2  
  61  4:47  Marine  
  61  4:49  Supply Depot  
  62  4:53  SCV x2  
  62  4:57  Marine  
  62  4:59  Marine  
  66  5:03  Marine  
  66  5:05  Marauder  
  69  5:08  Engineering Bay  
  69  5:09  Engineering Bay  
  69  5:11  Supply Depot  
  69  5:17  SCV x2  
  71  5:21  Marine x2  
  71  5:22  Marine  
  71  5:23  Factory Reactor  
  71  5:24  Starport  
  71  5:27  Supply Depot, Marine  
  71  5:28  Marine  
  76  5:29  SCV  
  77  5:39  Marine x3  
  78  5:45  Marine  
  78  5:46  Marine  
  69  5:57  Marine x2  
Tags
 
Matchup
TvT
Opening
1/1/1
Race
Terran
Replay Pack
Nickos replay
Add a new tag
Caveats
  • Supply blocks, unpowered buildings, or Contaminate may cause inaccurate times.
  • Supply counts are checked every 10 seconds.